AoeStats
← Don John

Arena

509967728Analyzed
1v1 RM · 3d ago on Sep 28, 2026· 23m 31s· 2 players
Game mode
Random Map
Map size
Tiny (2 player)
Population
200
Speed
Normal
Resources
Standard
Victory
Conquest
Starting age
Dark Age
Ending age
Imperial Age
RankedLock teamsTeams togetherTeam positionsShared explorationLock speedFull tech treeHidden civsTurbo modeCheats
Victory
Defeat
🇦🇷 Turks · Argentina
997
+15
🇺🇸 Franks · United States
985
-15
Lama_drama
10:34 Feudal Age
15:20 Castle Age
13:41 Double-Bit Axe
19:18 Loom
21:36 Forging
23:23 Iron Casting
Don John
12:12 Feudal Age
10:28 Loom
16:20 Castle Age
17:44 Padded Archer Armor
Connection lost

Rejoining the realm…

Still unreachable

The connection could not be restored.

Session expired

The server has moved on; the page needs a fresh start.